 Dungeon Crawl Stone Soup version 0.31-a0-848-gaac375c287 (webtiles) character file.

Game seed: 1050693954039878206

1438 subawu the Ruffian (level 8, -2/54 HPs)
             Began as a Gnoll Shapeshifter on Oct 3, 2023.
             Was a Follower of Hepliaklqana.
             Killed by an exploding scorpion (25 damage)
             ... ignited by their inner flame
             ... on level 6 of the Dungeon on Oct 4, 2023.
             The game lasted 00:14:24 (4563 turns).

subawu the Ruffian (Gnoll Shapeshifter)             Turns: 4563, Time: 00:14:25

Health: -2/54      AC: 11    Str: 15    XL:     8   Next: 74%
Magic:  12/12      EV: 16    Int: 10    God:    Hepliaklqana [*.....]
Gold:   982        SH:  0    Dex: 12    Spells: 14/14 levels left

rFire   . . .        m - melded +4 quarterstaff (chaos)
rCold   . . .        (shield currently unavailable)
rNeg    . . .        t - +0 scale mail
rPois   .            r - +0 helmet
rElec   .            n - +0 cloak
rCorr   .            (no gloves)
SInv    .            q - +1 pair of boots
Will    .....        (no amulet)
Stlth   +            g - +5 ring of evasion
HPRegen 0.29/turn    (no ring)
MPRegen 0.13/turn

%: no passive effects
@: flux-form, glowing
A: glow, contaminating, reduced essence, fangs 1, strong nose, distributed
training, low MP 1
a: Begin Untransformation, Renounce Religion, Recall Ancestor, Ancestor Identity


You were on level 6 of the Dungeon.
You worshipped Hepliaklqana.
Hepliaklqana was aware of your devotion.
You were something dangerously unstable.
You visited 1 branch of the dungeon, and saw 6 of its levels.

You collected 982 gold pieces.

Inventory:

Hand Weapons
 m - a +4 quarterstaff of chaos (melded)
Armour
 a - a +0 animal skin
 i - a +0 ring mail
 n - a +0 cloak (worn)
 q - a +1 pair of boots (worn)
 r - a +0 helmet (worn)
 t - a +0 scale mail (worn)
Jewellery
 g - a +5 ring of evasion (left hand)
Talismans
 c - a beast talisman
 d - a flux talisman (active)
Wands
 o - a wand of roots (26)
 u - a wand of flame (14)
Scrolls
 e - a scroll of fog
 h - a scroll of immolation
 k - a scroll of fear {unknown}
 l - 2 scrolls of identify {unknown}
 p - a scroll of torment {unknown}
Potions
 f - 2 potions of mutation
 j - a potion of heal wounds
 s - 2 potions of curing {unknown}
 v - a potion of brilliance {unknown}


   Skills:
 + Level 4.5 Fighting
 + Level 3.6 Short Blades
 + Level 3.6 Long Blades
 + Level 3.6 Axes
 + Level 3.6 Maces & Flails
 + Level 3.6 Polearms
 + Level 3.6 Staves
 + Level 3.6 Ranged Weapons
 + Level 3.6 Throwing
 + Level 3.6 Armour
 + Level 5.9 Dodging
 + Level 3.6 Stealth
 + Level 3.6 Shields
 + Level 7.5 Unarmed Combat
 + Level 3.6 Spellcasting
 + Level 2.9 Conjurations
 + Level 2.9 Hexes
 + Level 2.9 Summonings
 + Level 2.9 Necromancy
 + Level 2.9 Translocations
 + Level 2.9 Transmutations
 + Level 2.9 Fire Magic
 + Level 2.9 Ice Magic
 + Level 2.9 Air Magic
 + Level 2.9 Earth Magic
 + Level 2.9 Poison Magic
 + Level 4.0 Invocations
 + Level 3.6 Evocations
 + Level 7.3 Shapeshifting


You had 14 spell levels left.
You didn't know any spells.
Your spell library contained the following spells:

 Spells                   Type           Power      Damage    Failure   Level
 Dazzling Flash           Conj/Hex       14%        N/A       65%         3
 Gell's Gravitas          Tloc           7%         N/A       65%         3
 Inner Flame              Hex/Fire       7%         N/A       65%         3
 Ozocubu's Armour         Ice            7%         N/A       65%         3
 Teleport Other           Tloc           7%         N/A       65%         3
 Flame Wave               Conj/Fire      7%         2d5       96%         4
 Sticky Flame             Conj/Fire      7%         2d3       96%         4
 Vhi's Electric Charge    Tloc/Air       14%        N/A       96%         4
 Agony                    Necr           7%         N/A       100%        5
 Arcjolt                  Conj/Air       3%         1d13      100%        5
 Silence                  Hex/Air        3%         N/A       100%        5
 Dispersal                Tloc           3%         N/A       100%        6
 Plasma Beam              Fire/Air       3%         2x1d13    100%        6
 Ozocubu's Refrigeration  Ice            3%         4d8       100%        7


Dungeon Overview and Level Annotations

Branches:
Dungeon (6/15)
 Temple: D:4-7

Altars:
Dithmenos
Hepliaklqana
Kikubaaqudgha


Innate Abilities, Weirdness & Mutations

You are something dangerously unstable.
You glow with magical radiation, making you easy to see and hit.
Foes you strike become dangerously contaminated with magical radiation.
You are incapable of wielding weapons or throwing items.
Your life essence is reduced to manifest your ancestor. (-10% HP)
You have very sharp teeth.
Your uncanny sense of smell can sniff out nearby items.
Your experience applies equally to all skills.
Your magical capacity is low. (-10% MP)


Message History

The orc hits you with a +1 dagger of holy wrath.
Something hits you but does no damage.
The orc warrior hits you with a +0 glaive!
You hit the orc warrior.
The orc warrior glows dangerously bright.
The orc warrior is moderately wounded.
The orc hits you with a +1 dagger of holy wrath.
* * * LOW HITPOINT WARNING * * *
Something hits you.
* * * LOW HITPOINT WARNING * * *
The orc warrior barely misses you.
You feel much better. The orc hits you but does no damage.
Something hits you but does no damage. The orc warrior closely misses you.
This is a scroll of acquirement!
Something appears at your feet! Something barely misses you.
The orc warrior completely misses you.
As you read the scroll labelled MUYQIOMILL, it crumbles to dust.
The creatures around you are filled with an inner flame!
It was a scroll of immolation.
Something hits you but does no damage. The orc warrior barely misses you.
You now have 982 gold pieces (gained 674).
The scorpion closely misses you. Something hits you but does no damage.
The orc warrior barely misses you. The scorpion barely misses you.
Unknown command.
You hit the orc warrior.
Flame seeps out of the orc warrior.
The orc warrior glows dangerously bright.
You bite the orc warrior, but do no damage.
The orc warrior is heavily wounded.
Something barely misses you.
You hit the orc warrior.
Flame seeps out of the orc warrior.
The orc warrior shudders as magic cascades through it!!
The orc warrior explodes!
The fiery explosion engulfs something!!!
Reactivating autopickup.
You feel a bit more experienced. The fiery explosion engulfs you!!
The fiery explosion engulfs something!!
You feel a bit more experienced.
The fiery explosion engulfs the scorpion!!
The scorpion explodes!
The fiery explosion engulfs the orc!!!
The fiery explosion engulfs you!!
You die...

#.#.# ..## #.#.#.#
.... #.#.#.####.#
..... #.#........#
.....##.###.######
......#.# #.#
.......W###'####
......§§##.....#
......§○p'.....#
......§§##.....#
......§§##.....#
........##.....+
........##.....#
........##.....#
........##.....#
........##.....+


You could see a phantom (inner flame).

Vanquished Creatures
  Pikel (D:4)
  The ghost of croobank the Covert, an amateur GnDe (D:4)
  Menkaure (D:4)
  Duvessa (D:4)
  An orc warrior (D:6)
  A lemure (D:4)
  2 scorpions
  Dowan (D:4)
  2 hounds (D:5)
  Crazy Yiuf (D:2)
  Ijyb (D:4)
  4 iguanas
  Natasha (thrice) (D:4)
  2 orc wizards (D:6)
  7 adders
  3 ufetubi
  2 worms
  A dart slug (D:2)
  4 orcs
  6 ball pythons
  8 endoplasms
  A giant cockroach (D:3)
  5 goblins
  4 hobgoblins
  3 jackals (D:4)
  7 kobolds
  A quokka (D:2)
  4 bats (D:2)
  3 frilled lizards
  3 rats
  A spectral goblin (D:3)
85 creatures vanquished.

Vanquished Creatures (others)
  An ancestor (D:6)
1 creature vanquished.

Grand Total: 86 creatures vanquished

Notes
Turn   | Place    | Note
-------+----------+-------------------------------------------
     0 | D:1      | subawu the Gnoll Shapeshifter began the quest for the Orb.
     0 | D:1      | Reached XP level 1. HP: 17/17 MP: 1/1
   260 | D:1      | Reached XP level 2. HP: 13/23 MP: 2/2
   703 | D:2      | Found a hazy altar of Hepliaklqana.
   812 | D:2      | Reached XP level 3. HP: 28/28 MP: 3/3
   888 | D:2      | Reached skill level 1 in Invocations
  1134 | D:2      | Reached skill level 1 in Short Blades
  1134 | D:2      | Reached skill level 1 in Long Blades
  1134 | D:2      | Reached skill level 1 in Axes
  1134 | D:2      | Reached skill level 1 in Maces & Flails
  1134 | D:2      | Reached skill level 1 in Polearms
  1134 | D:2      | Reached skill level 1 in Staves
  1134 | D:2      | Reached skill level 1 in Ranged Weapons
  1134 | D:2      | Reached skill level 1 in Throwing
  1134 | D:2      | Reached skill level 1 in Armour
  1134 | D:2      | Reached skill level 1 in Stealth
  1134 | D:2      | Reached skill level 1 in Shields
  1134 | D:2      | Reached skill level 1 in Spellcasting
  1134 | D:2      | Reached skill level 1 in Evocations
  1324 | D:2      | Found a runed translucent door.
  1325 | D:2      | Noticed Crazy Yiuf
  1335 | D:2      | Killed Crazy Yiuf
  1336 | D:2      | Reached XP level 4. HP: 19/34 MP: 5/5
  1567 | D:3      | Reached skill level 1 in Conjurations
  1567 | D:3      | Reached skill level 1 in Hexes
  1567 | D:3      | Reached skill level 1 in Summonings
  1567 | D:3      | Reached skill level 1 in Necromancy
  1567 | D:3      | Reached skill level 1 in Translocations
  1567 | D:3      | Reached skill level 1 in Transmutations
  1567 | D:3      | Reached skill level 1 in Fire Magic
  1567 | D:3      | Reached skill level 1 in Ice Magic
  1567 | D:3      | Reached skill level 1 in Air Magic
  1567 | D:3      | Reached skill level 1 in Earth Magic
  1567 | D:3      | Reached skill level 1 in Poison Magic
  1993 | D:3      | Found a shadowy altar of Dithmenos.
  2160 | D:3      | Found a hazy altar of Hepliaklqana.
  2176 | D:3      | Became a worshipper of Hepliaklqana the Forgotten
  2301 | D:4      | Reached XP level 5. HP: 38/40 MP: 5/7
  2335 | D:4      | Found a runed translucent door.
  2337 | D:4      | Noticed croobank's ghost (amateur GnDe)
  2361 | D:4      | Noticed Natasha
  2366 | D:4      | Killed Natasha
  2467 | D:4      | Noticed Menkaure
  2477 | D:4      | Killed Menkaure
  2478 | D:4      | Reached XP level 6. HP: 11/47 MP: 8/8
  2832 | D:4      | Noticed Natasha
  2839 | D:4      | Killed Natasha
  2840 | D:4      | Reached skill level 5 in Dodging
  3059 | D:4      | Noticed Pikel
  3078 | D:4      | Killed Pikel
  3079 | D:4      | Reached XP level 7. HP: 28/53 MP: 9/11
  3160 | D:4      | Noticed Natasha
  3167 | D:4      | Killed Natasha
  3310 | D:4      | Noticed Duvessa
  3311 | D:4      | Noticed Dowan
  3313 | D:4      | Noticed Ijyb
  3328 | D:4      | Killed Ijyb
  3329 | D:4      | Reached XP level 8. HP: 21/60 MP: 12/12
  3336 | D:4      | Gained mutation: Your magical capacity is low. (-10% MP)
                  | [potion of mutation]
  3336 | D:4      | HP: 2/60 [Duvessa/+0 rapier (9)]
  3340 | D:4      | Killed Dowan
  3341 | D:4      | Killed Duvessa
  3579 | D:4      | Upgraded the game from 0.31-a0-846-gb3bcc0d938 to
                  | 0.31-a0-848-gaac375c287
  3738 | D:4      | Killed croobank's ghost
  3775 | D:5      | Entered Level 5 of the Dungeon
  4124 | D:5      | Reached * piety under Hepliaklqana
  4352 | D:5      | Found an ancient bone altar of Kikubaaqudgha.
  4559 | D:6      | Identified a scroll of acquirement
  4559 | D:6      | Acquired 659 gold pieces
  4563 | D:6      | Killed by an exploding scorpion... ignited by their inner
                  | flame

Illustrated notes

Levels and vault maps discovered:
D:1:      saegor_arrival_simple_e, layout_rooms, chequers_mini_garden,
          minmay_misc_feat_chi
D:2:      layout_basic, basic_altar, kennysheep_generic_room_10,
          uniq_crazy_yiuf_cottage
D:3:      layout_rooms, nicolae_hepliaklqana_monster_ancestors,
          nicolae_dithmenos_the_darkroom, minmay_misc_feat_tiny
D:4:      layout_layer_cave, ebering_ghost_reflecting_pool, uniq_duvessa,
          uniq_pikel, uniq_menkaure, uniq_natasha, uniq_ijyb
D:5:      layout_loops_cross, lemuel_coloured_pillars_altar,
          hangedman_abyss_or_decor_stagger
D:6:      layout_basic, mainiacjoe_overflow_surrounded_room, serial_bayou_pond_d

Skill      XL: |  1  2  3  4  5  6  7  8 |
---------------+-------------------------+-----
Invocations    | 1 2 3 4 |  4.0
Short Blades   | 1 2 3 |  3.6
Long Blades    | 1 2 3 |  3.6
Axes           | 1 2 3 |  3.6
Maces & Flails | 1 2 3 |  3.6
Polearms       | 1 2 3 |  3.6
Staves         | 1 2 3 |  3.6
Ranged Weapons | 1 2 3 |  3.6
Throwing       | 1 2 3 |  3.6
Armour         | 1 2 3 |  3.6
Stealth        | 1 2 3 |  3.6
Shields        | 1 2 3 |  3.6
Spellcasting   | 1 2 3 |  3.6
Evocations     | 1 2 3 |  3.6
Conjurations   | 1 2 |  2.9
Hexes          | 1 2 |  2.9
Summonings     | 1 2 |  2.9
Necromancy     | 1 2 |  2.9
Translocations | 1 2 |  2.9
Transmutations | 1 2 |  2.9
Fire Magic     | 1 2 |  2.9
Ice Magic      | 1 2 |  2.9
Air Magic      | 1 2 |  2.9
Earth Magic    | 1 2 |  2.9
Poison Magic   | 1 2 |  2.9
Fighting       | 3 4 |  4.5
Dodging        | 5 |  5.9
Unarmed Combat | 7 |  7.5
Shapeshifting  | 7 |  7.3

Action                     |  1- 3 |  4- 6 |  7- 9 || total
---------------------------+-------+-------+-------++-------
  Melee: Unarmed           |    80 |    89 |    84 ||   253
         Bite              |     9 |     7 |     6 ||    22
         Punch             |     1 |     1 |       ||     2
    Use: Potion            |       |     1 |     3 ||     4
         Scroll            |       |       |     3 ||     3
 Armour: Animal skin       |     9 |       |       ||     9
         Ring mail         |    44 |    29 |    24 ||    97
         Skin              |       |    22 |     4 ||    26
         Scale mail        |       |       |    44 ||    44
  Dodge: Dodged            |    60 |    80 |    85 ||   225
         Form:             |       |     2 |       ||     2
         Beast             |       |     2 |       ||     2
         Flux              |       |       |     1 ||     1

Table legend: (Time is in decaauts)
 A = Elapsed time spent in this place.
 B = Non-inter-level travel time spent in this place.
 C = Inter-level travel time spent in this place.
 D = Time resting spent in this place.
 E = Time spent auto-exploring this place.
 F = Levels seen in this place.
 G = Mean time per level.
                   A        B        C        D        E       F      G
               +--------+--------+--------+--------+--------+-----+--------+
         Total |   4534 |   4277 |    257 |    640 |   2204 |   6 |  755.7 |
       Dungeon |   4534 |   4277 |    257 |    640 |   2204 |   6 |  755.7 |
               +--------+--------+--------+--------+--------+-----+--------+

Top non-repeatable levels by time:
     D:4: 1504 daAuts
     D:2: 986 daAuts
     D:3: 695 daAuts
     D:5: 686 daAuts
     D:1: 565 daAuts
     D:6: 95 daAuts
